 Dungeon Crawl Stone Soup version 0.31.0-11-ge490571c62 (webtiles) character file.

Game seed: 7989116296145700394

61 monsoonserge the Ducker (level 3, 18/18 HPs)
             Began as a Spriggan Artificer on Feb 4, 2024.
             Was a Follower of Kikubaaqudgha.
             Quit the game on level 2 of the Dungeon.
             The game lasted 00:05:02 (2171 turns).

monsoonserge the Ducker (Spriggan Artificer)        Turns: 2171, Time: 00:05:02

Health: 18/18      AC:  2    Str:  8    XL:     3   Next: 83%
Magic:  4/4        EV: 19    Int: 12    God:    Kikubaaqudgha [*.....]
Gold:   128        SH:  0    Dex: 17    Spells: 1/2 levels left

rFire   . . .        s - +0 rapier
rCold   . . .        (no shield)
rNeg    . . .        b - +0 robe
rPois   .            (helmet restricted)
rElec   .            (no cloak)
rCorr   .            (gloves unavailable)
SInv    +            (boots unavailable)
Will    .....        (no amulet)
Stlth   ++           (no ring)
HPRegen 0.23/turn    (no ring)
MPRegen 0.09/turn

%: no passive effects
@: very quick
A: very small, no large weapons, unfitting armour, see invisible, speed 3
a: Renounce Religion, Unearth Wretches


You were on level 2 of the Dungeon.
You worshipped Kikubaaqudgha.
Kikubaaqudgha was aware of your devotion.
You visited 1 branch of the dungeon, and saw 4 of its levels.

You collected 128 gold pieces.

Inventory:

Hand Weapons
 a - a +0 short sword
 k - a +0 dagger
 s - a +0 rapier (weapon)
 u - a +2 demon whip of flaming
Missiles
 h - 9 poisoned darts (quivered)
Armour
 b - a +0 robe (worn)
Wands
 c - a wand of flame (14)
 d - a wand of charming (15)
 e - a wand of iceblast (5)
Scrolls
 g - 2 scrolls of fog {unknown}
 i - a scroll of revelation {unknown}
 j - 4 scrolls of identify {unknown}
 l - a scroll of teleportation {unknown}
 n - a scroll of poison {unknown}
 o - a scroll of blinking {unknown}
 p - a scroll of noise {unknown}
 t - a scroll of immolation {unknown}
Potions
 f - a potion of brilliance {unknown}
 m - 2 potions of mutation {unknown}
 q - 2 potions of magic {unknown}
 r - a potion of might {unknown}
 v - a potion of degeneration {unknown}


   Skills:
 + Level 1.2 Fighting
 * Level 1.4 Short Blades
 + Level 4.5 Dodging
 - Level 2.0 Stealth
 * Level 0.1 Necromancy
 + Level 4.4 Evocations


You had one spell level left.
You knew the following spells:

 Your Spells              Type           Power      Damage    Failure   Level
a - Necrotise             Necr           0%         1d4       32%         1

Your spell library contained the following spells:

 Spells                   Type           Power      Damage    Failure   Level
 Sublimation of Blood     Necr           0%         N/A       43%         2
 Fugue of the Fallen      Necr           0%         N/A       67%         3
 Vampiric Draining        Necr           0%         2d6       67%         3
 Call Canine Familiar     Summ           0%         N/A       69%         3
 Sigil of Binding         Hex            0%         N/A       69%         3
 Animate Dead             Necr           0%         N/A       97%         4
 Dimensional Bullseye     Hex/Tloc       0%         N/A       97%         4
 Haunt                    Necr/Summ      0%         N/A       100%        7
 Infestation              Necr           0%         N/A       100%        8


Dungeon Overview and Level Annotations

Branches:
Dungeon (4/15)
 Temple: D:4-7

Altars:
Elyvilon
Kikubaaqudgha
Nemelex Xobeh
Okawaru
Ru
Wu Jian
Xom
Yredelemnul


Innate Abilities, Weirdness & Mutations

You are very small and have problems with some larger weapons.
You are too small for most types of armour.
You have supernaturally acute eyesight. (SInv)
You cover ground extremely quickly. (Speed+++)


Message History

You kill the goblin!
Kikubaaqudgha accepts your kill.
Things that are here:
a +0 dagger; a goblin corpse A ribbon worm comes into view.
The ribbon worm barely misses you.
You hit the ribbon worm.
The ribbon worm is moderately wounded.
The ribbon worm expels a string of sticky webbing.
The stream of webbing hits you but does no damage.
You are caught in a web!
The web tears apart.
The ribbon worm closely misses you.
You barely miss the ribbon worm.
The ribbon worm is lightly wounded.
You hit the ribbon worm.
The ribbon worm is heavily wounded.
The ribbon worm expels a string of sticky webbing.
The stream of webbing hits you but does no damage.
You are caught in a web!
The web tears apart.
The ribbon worm barely misses you.
You puncture the ribbon worm!
The ribbon worm is severely wounded.
The ribbon worm bites you.
You completely miss the ribbon worm.
The ribbon worm is severely wounded.
The ribbon worm completely misses you.
You hit the ribbon worm.
The ribbon worm is severely wounded.
The ribbon worm barely misses you.
You puncture the ribbon worm!
The ribbon worm is almost dead.
The ribbon worm bites you.
You hit the ribbon worm.
You kill the ribbon worm!
Kikubaaqudgha accepts your kill. As you open the door, it creaks loudly!
There is an open door here.
Done exploring.
Done exploring.
Are you sure you want to abandon this character and quit the game? (Confirm with "yes".)

# #'######..##..>....##.# #
#...#..#..8##########.# #
#...#[.##.......†.###.###
#######..#..##.......#....(..#
.....##..'..#..8########.....#
.....#...####..####......[...####
.....#...#..##'#..#..###.....##..
####.##..#........#..# #.....##.#
# #..#..#......@.#.## ########.#
# #..#..'.)####..#.# #.# #
#..#..#### ###### #.. #
#..####### #.####### ###
#####.......#####.......# #
...............<#######.# #####
##..#..##...###.# #.#####....
............###.# #......#.##
.#..#...#.....#.# #######.##


There were no monsters in sight!

Vanquished Creatures
  An adder (D:2)
  A ribbon worm (D:2)
  3 dart slugs
  An orc (D:3)
  5 ball pythons
  5 endoplasms
  A giant cockroach (D:1)
  4 goblins
  4 hobgoblins
  A quokka (D:1)
  3 bats
  4 frilled lizards
  3 kobolds
  5 rats
41 creatures vanquished.

Notes
Turn   | Place    | Note
-------+----------+-------------------------------------------
     0 | D:1      | monsoonserge the Spriggan Artificer began the quest for the
                  | Orb.
     0 | D:1      | Reached XP level 1. HP: 9/9 MP: 2/2
   229 | D:1      | Reached XP level 2. HP: 7/14 MP: 3/3
   752 | D:1      | Reached skill level 1 in Fighting
  1165 | D:2      | Reached XP level 3. HP: 12/18 MP: 4/4
  1357 | D:2      | You fall into a shaft and drop 2 floors!
  1590 | D:2      | Found a faded altar of an unknown god.
  1601 | D:2      | Prayed at the altar of an unknown god.
  1601 | D:2      | Became a worshipper of Kikubaaqudgha
  1601 | D:2      | Reached * piety under Kikubaaqudgha
  1601 | D:2      | Received a gift from Kikubaaqudgha
  1605 | D:2      | Learned a level 1 spell: Necrotise
  1798 | D:3      | Found a basalt altar of Yredelemnul.
  1798 | D:3      | Found an ornate altar of the Wu Jian Council.
  1799 | D:3      | Found an iron altar of Okawaru.
  1799 | D:3      | Found a white marble altar of Elyvilon.
  1799 | D:3      | Found an ancient bone altar of Kikubaaqudgha.
  1799 | D:3      | Found a sparkling altar of Nemelex Xobeh.
  1799 | D:3      | Found a sacrificial altar of Ru.
  1802 | D:3      | Found a shimmering altar of Xom.
  2053 | D:2      | Reached skill level 1 in Short Blades
  2171 | D:2      | Quit the game

Illustrated notes

Levels and vault maps discovered:
D:1:      dpeg_arrival_arbitrary_b, layout_loops_corners, minmay_tromino_v2
D:2:      minmay_chambers_of_twos, layout_loops_cross,
          shapermc_ecumenical_altar_mp_urbaneastern
D:3:      kennysheep_big_flooded_room, layout_loops_ring,
          grunt_temple_overflow_open, gammafunk_ghost_mausoleum
D:4:      layout_basic, serial_shops, shop, kennysheep_small_spiral

Skill      XL: |  1  2  3 |
---------------+----------+-----
Stealth        | 2 |  2.0
Dodging        | 4 |  4.5
Fighting       | 1 |  1.2
Short Blades   | 1 |  1.4
Necromancy     | |  0.1
Evocations     | |  4.4

Action                     || total
---------------------------++-------
  Melee: Club              ||    59
         Short sword       ||    72
         Dagger            ||     1
         Punch             ||     1
         Rapier            ||    38
  Throw: Dart              ||     2
   Cast: Necrotise         ||     2
  Evoke: Wand              ||     1
   Stab: Sleeping          ||    10
 Armour: Robe              ||    51
  Dodge: Dodged            ||   166
